 Dungeon Crawl Stone Soup version 0.23.0 (webtiles) character file.

Game seed: 4004994657936016906

107 Laan the Magician (level 4, -5/24 HPs)
             Began as a Deep Elf Fire Elementalist on Feb 10, 2019.
             Killed by divine providence
             ... invoked by an orc priest
              (14 damage)
             ... on level 3 of the Dungeon.
             The game lasted 00:03:17 (1998 turns).

Laan the Magician (Deep Elf Fire Elementalist)      Turns: 1998, Time: 00:03:17

Health: -5/24      AC:  3    Str:  5    XL:     4   Next: 56%
Magic:  0/12       EV: 13    Int: 21    God:
Gold:   114        SH:  0    Dex: 15    Spells: 7/11 levels left

rFire    . . .     SeeInvis .   o - +0 mace (curse)
rCold    . . .     Gourm    .   (no shield)
rNeg     . . .     Faith    .   a - +0 robe
rPois    .         Spirit   .   (no helmet)
rElec    .         Reflect  .   (no cloak)
rCorr    .         Harm     .   n - +0 pair of gloves (curse)
MR       .....                  (no boots)
Stlth    ++........             (no amulet)
HPRegen  0.08/turn              k - +2 ring of slaying
MPRegen  0.13/turn              (no ring)

@: very slightly contaminated
A: no striking features
a: no special abilities


You were on level 3 of the Dungeon.
You were very hungry.

You visited 1 branch of the dungeon, and saw 4 of its levels.

You collected 114 gold pieces.

Inventory:

Hand Weapons
 b - a +0 hunting sling
 o - a cursed +0 mace (weapon)
Missiles
 f - 7 javelins (quivered)
 q - 22 stones
Armour
 a - a +0 robe (worn)
 n - a cursed +0 pair of gloves (worn)
Jewellery
 k - a +2 ring of slaying (left hand)
Scrolls
 e - 3 scrolls of identify {unknown}
 h - 2 scrolls of immolation {unknown}
 l - a scroll of magic mapping {unknown}
 m - 2 scrolls of noise {unknown}
 p - a scroll of amnesia {unknown}
Potions
 d - a potion of mutation {unknown}
 g - 4 potions of flight {unknown}
 i - 2 potions of ambrosia {unknown}
 j - 4 potions of curing {unknown}
Comestibles
 c - 7 rations


   Skills:
 - Level 2.4 Dodging
 - Level 2.4 Stealth
 + Level 4.4 Spellcasting
 * Level 4.0 Conjurations
 - Level 3.2 Fire Magic


You had 7 spell levels left.
You knew the following spells:

 Your Spells              Type           Power        Failure   Level  Hunger
a - Flame Tongue          Conj/Fire      ###..        2%          1    None
b - Conjure Flame         Conj/Fire      ###.....     8%          3    ##.....

Your spell library contained the following spells:

 Spells                   Type           Power        Failure   Level  Hunger
 Throw Flame              Conj/Fire      ###...       3%          2    #......
 Inner Flame              Hex/Fire       ##......     17%         3    ##.....
 Sticky Flame             Conj/Fire      ###.....     26%         4    ####...
 Fireball                 Conj/Fire      ###.......   56%         5    ######.


Dungeon Overview and Level Annotations

Branches:
Dungeon (4/15)
 Temple: D:4-7

Altars:
Kikubaaqudgha


Message History

Confirm with . or Enter, or press ? or * to list all spells.
Aiming: Flame Tongue (safe; 2% risk of failure)
Press: ? - help, Shift-Dir - straight line, f/p - orc wizard
Aim: an orc wizard, wielding a -2 dagger and wearing a +0 robe (almost dead, fast)
The flame tongue hits the orc wizard but does no damage.
The orc wizard is almost dead.
The orc shouts!
The orc wizard closely misses you. The orc misses you.
Casting: Flame Tongue (safe; 2% risk of failure)
Confirm with . or Enter, or press ? or * to list all spells.
Aiming: Flame Tongue (safe; 2% risk of failure)
Press: ? - help, Shift-Dir - straight line, f/p - orc wizard
Aim: an orc wizard, wielding a -2 dagger and wearing a +0 robe (almost dead, fast)
The flame tongue hits the orc wizard!
You kill the orc wizard!
Your Conjurations skill increases to level 4!
The orc priest calls down the wrath of Beogh upon you.
Beogh smites you!
Ouch! That really hurt!
You die...

#.##.# #.##.#
#o.#.# ##.#.#
#.o.# ##..#
#.o# ##o# #@#
#)# #.####
#....#
######.####
...........####
#######.......#
.(.......##.#
##
#########...#
#.


You could see 2 orc priests and 2 orcs.

Vanquished Creatures
  An orc wizard (D:3)
  2 adders (D:2)
  3 oozes
  A worm (D:2)
  2 leopard geckos
  An orc (D:2)
  6 bats
  3 giant cockroaches
  3 goblins
  6 hobgoblins
  4 jackals (D:3)
  3 frilled lizards (D:1)
  2 kobolds (D:2)
  3 rats
40 creatures vanquished.

Notes
Turn   | Place    | Note
-------+----------+-------------------------------------------
     0 | D:1      | Laan the Deep Elf Fire Elementalist began the quest for the
                  | Orb.
     0 | D:1      | Reached XP level 1. HP: 10/10 MP: 6/6
   198 | D:1      | Reached XP level 2. HP: 15/15 MP: 4/8
   840 | D:2      | Reached XP level 3. HP: 18/19 MP: 6/10
  1095 | D:2      | Found an ancient bone altar of Kikubaaqudgha.
  1389 | D:2      | Learned a level 3 spell: Conjure Flame
  1911 | D:3      | Reached XP level 4. HP: 24/24 MP: 9/12
  1998 | D:3      | Killed from afar by an orc priest

Skill      XL: |  1  2  3  4 |
---------------+-------------+-----
Conjurations   | 2 3 4 |  4.0
Spellcasting   | 4 |  4.4
Dodging        | |  2.4
Stealth        | |  2.4
Fire Magic     | |  3.2

Action                   |  1- 3 |  4- 6 || total
-------------------------+-------+-------++-------
Melee: Unarmed           |     1 |       ||     1
 Cast: Flame Tongue      |    69 |    15 ||    84
  Eat: Chunk             |     2 |       ||     2
Armor: Robe              |     6 |     3 ||     9
Dodge: Dodged            |    12 |    11 ||    23
